 Dungeon Crawl Stone Soup version 0.29.1-13-g9f3cf754e1 (webtiles) character file.

Game seed: 1367969011385456159

2749 Kold the Geomancer (level 9, -1/45 HPs)
             Began as a Gargoyle Earth Elementalist on Jan 31, 2023.
             Was a Follower of Vehumet.
             Slain by an orc knight
             ... wielding a +0 halberd
              (21 damage)
             ... in a bailey.
             The game lasted 00:16:01 (8582 turns).

Kold the Geomancer (Gargoyle Earth Elementalist)    Turns: 8582, Time: 00:16:03

Health: -1/45      AC: 12    Str: 18    XL:     9   Next: 68%
Magic:  11/12      EV: 12    Int: 20    God:    Vehumet [*.....]
Gold:   261        SH:  0    Dex: 18    Spells: 6/12 levels left

rFire   . . .      SeeInvis .   v - +8 hand axe of the Solstice {drain, Fragile rN+ Dex+8 Stlth+}
rCold   . . .      Faith    .   (no shield)
rNeg    + + .      Spirit   .   a - +0 robe
rPois   ∞          Reflect  .   s - +0 helmet
rElec   +          Harm     .   x - +0 cloak
rCorr   .          Rampage  .   C - +0 pair of gloves
Will    .....                   w - +0 pair of boots
Stlth   +++.......              (no amulet)
HPRegen 0.15/turn               o - +6 ring of strength
MPRegen 0.13/turn               h - ring of flight

@: flying
A: sickness immunity, AC +6, negative energy resistance 1, electricity
resistance, torment resistance 1, petrification resistance
a: Renounce Religion


You were in a bailey.
You worshipped Vehumet.
Vehumet was aware of your devotion.
You visited 2 branches of the dungeon, and saw 8 of its levels.
You also visited: Bailey.

You collected 261 gold pieces.

Inventory:

Hand Weapons
 i - a +1 hand axe
 v - the +8 hand axe of the Solstice (weapon) {drain, Fragile rN+ Dex+8 Stlth+}
   (You found it on level 4 of the Dungeon)

   A truly terrible weapon, it drains the life of any living foe it strikes.
   Dex:       It affects your dexterity (+8).
   rN:        It protects you from negative energy.
   Fragile:   It will be destroyed if unequipped.
   Stlth:     It makes you more stealthy.
Missiles
 g - 2 throwing nets
Armour
 a - a +0 robe (worn)
 s - a +0 helmet (worn)
 w - a +0 pair of boots (worn)
 x - a +0 cloak (worn)
 C - a +0 pair of gloves (worn)
Jewellery
 e - an amulet of guardian spirit
 h - a ring of flight (right hand)
 o - a +6 ring of strength (left hand)
Wands
 t - a wand of mindburst (8)
Scrolls
 f - 2 scrolls of silence
 j - 2 scrolls of enchant weapon
 n - 2 scrolls of teleportation
 q - 3 scrolls of poison
 y - a scroll of enchant armour
 A - a scroll of identify
Potions
 b - 2 potions of magic
 c - 2 potions of lignification
 d - 3 potions of attraction
 k - a potion of degeneration {unknown}
 l - 3 potions of heal wounds
 m - a potion of ambrosia {unknown}
 p - 2 potions of curing
 r - a potion of mutation
 u - 4 potions of brilliance
 z - 3 potions of haste


   Skills:
 + Level 3.0 Axes
 - Level 1.5 Dodging
 - Level 3.0 Stealth
 - Level 2.0 Spellcasting
 + Level 6.6 Conjurations
 - Level 3.0 Transmutations
 * Level 12.4 Earth Magic


You had 6 spell levels left.
You knew the following spells:

 Your Spells              Type           Power      Damage    Failure   Level
a - Sandblast             Erth           100%       2d20      1%          1
b - Stone Arrow           Conj/Erth      80%        3d12      1%          3
c - Passwall              Tmut/Erth      26%        N/A       1%          2

Your spell library contained the following spells:

 Spells                   Type           Power      Damage    Failure   Level
 Magic Dart               Conj           100%       1d8       1%          1
 Petrify                  Tmut/Erth      32%        N/A       7%          4


Dungeon Overview and Level Annotations

Branches:
Dungeon (7/15)             Temple (1/1) D:6          Bailey (1/1)

Altars:
Cheibriados
Elyvilon
Fedhas
Gozag
Hepliaklqana
Kikubaaqudgha
Makhleb
Nemelex Xobeh
Ru
Sif Muna
Trog
Uskayaw
Vehumet
Xom
Zin

Shops:
D:4 [   D:5 *   D:6 *


Innate Abilities, Weirdness & Mutations

You are immune to sickness and miasma.
Your stone body is resilient. (AC +6)
You are immune to poison.
You resist negative energy. (rN+)
You are resistant to electric shocks. (rElec)
You are resistant to unholy torment.
You are immune to petrification.


Message History

There is an open door here.
You see here a +0 halberd of electrocution.
There is an open door here.
An orc knight is nearby!
Aiming: Paralyse
Press: ? - help, Shift-Dir - straight line, f/p - orc knight
Aim: an orc knight, wielding a +0 halberd (wandering, hasn't noticed you, chance to affect: 31%)
The orc knight shouts!
The orc knight suddenly stops moving!
The now-empty wand crumbles to dust.
The helpless orc knight fails to defend itself.
You slash the orc knight!
The orc knight is moderately wounded.
The helpless orc knight fails to defend itself.
You hit the orc knight. You drain the orc knight.
The orc knight is moderately wounded.
The helpless orc knight fails to defend itself.
You hit the orc knight. You drain the orc knight.
The orc knight is heavily wounded.
The helpless orc knight fails to defend itself.
You hit the orc knight. You drain the orc knight.
The orc knight is severely wounded.
The helpless orc knight fails to defend itself.
You hit the orc knight.
The orc knight is severely wounded.
The helpless orc knight fails to defend itself.
You slash the orc knight!
The orc knight is almost dead.
The orc knight is no longer paralysed.
The orc knight hits you with a +0 halberd!!
You barely miss the orc knight.
The orc knight is almost dead.
The orc knight hits you with a +0 halberd.
Casting: Stone Arrow (safe; 1% risk of failure)
Confirm with . or Enter, or press ? or * to list all spells.
Aiming: Sandblast (safe; 1% risk of failure)
Press: ? - help, Shift-Dir - straight line, f/p - orc knight
Aim: an orc knight, wielding a +0 halberd (almost dead, lightly drained, 80% to hit)
The blast of sand misses the orc knight.
The orc knight hits you with a +0 halberd!!
You die...

#)'..∩..')#.'..⌠..')#
###.....#####.....###
##.....## ##.....##
#'##'##'###'##'##'##
#.###)###)#.###)###)#
## ### ##### ### #'#
#.#)###)###)# '##+
'###o##'##'## #!.!
##@....## #.!.!
###.....### +!.⌠.
#)'..⌠..')# !.).
###.....### .!#
##.....##
#g###'##'##'##
#o')###.###)# #####
### ###


You could see an orc knight (drained).

Vanquished Creatures
  4 water moccasins
  2 ice beasts
  2 black bears
  2 sky beasts
  An ogre (D:5)
  3 kobold brigands
  2 necrophages
  A bullfrog (D:7)
  7 scorpions
  3 howler monkeys (D:7)
  2 jellies
  5 hounds
  Crazy Yiuf (D:4)
  An orc priest (D:5)
  3 orc wizards (D:5)
  3 iguanas
  14 gnolls
  10 adders
  2 shadow imps (D:5)
  2 white imps
  A worm (D:3)
  2 dart slugs
  28 orcs
  4 ball pythons
  3 endoplasms
  2 giant cockroaches (D:2)
  9 goblins
  4 hobgoblins
  19 kobolds
  2 quokkas
  4 bats
  2 frilled lizards (D:1)
  6 rats
156 creatures vanquished.

Vanquished Creatures (others)
  7 plants (D:3)
7 creatures vanquished.

Grand Total: 163 creatures vanquished

Notes
Turn   | Place    | Note
-------+----------+-------------------------------------------
     0 | D:1      | Kold the Gargoyle Earth Elementalist began the quest for
                  | the Orb.
     0 | D:1      | Reached XP level 1. HP: 10/10 MP: 3/3
   240 | D:1      | Reached skill level 1 in Transmutations
   270 | D:1      | Reached skill level 4 in Earth Magic
   270 | D:1      | Reached XP level 2. HP: 10/15 MP: 1/5
   821 | D:1      | Found a faded altar of an unknown god.
  1079 | D:2      | Reached XP level 3. HP: 19/19 MP: 3/6
  1619 | D:2      | Reached XP level 4. HP: 24/24 MP: 4/7
  1955 | D:2      | Reached skill level 5 in Earth Magic
  2122 | D:3      | Found a snail-covered altar of Cheibriados.
  2545 | D:3      | Reached XP level 5. HP: 28/28 MP: 4/8
  2608 | D:3      | Found a white marble altar of Elyvilon.
  3553 | D:4      | Reached skill level 6 in Earth Magic
  3761 | D:4      | Found Geissaatz's Antique Armour Shop.
  3767 | D:4      | Reached XP level 6. HP: 29/32 MP: 4/9
  3910 | D:4      | Learned a level 3 spell: Stone Arrow
  3913 | D:4      | Learned a level 2 spell: Passwall
  4030 | D:4      | Identified the +8 hand axe of the Solstice {drain, Fragile
                  | rN+ Dex+8 Stlth+}
  4075 | D:4      | Reached skill level 7 in Earth Magic
  4309 | D:4      | Reached skill level 1 in Conjurations
  4716 | D:4      | Found a runed translucent door.
  4717 | D:4      | Noticed Crazy Yiuf
  4723 | D:4      | Killed Crazy Yiuf
  4770 | D:5      | Entered Level 5 of the Dungeon
  4776 | D:5      | Reached XP level 7. HP: 36/36 MP: 7/10
  5054 | D:5      | Reached skill level 8 in Earth Magic
  5215 | D:5      | Found Botwir's Gadget Gallery.
  5390 | D:5      | Found a sacrificial altar of Ru.
  5405 | D:5      | Found a hide-covered altar of Uskayaw.
  5592 | D:5      | Reached skill level 9 in Earth Magic
  5648 | D:5      | Reached XP level 8. HP: 41/41 MP: 4/11
  6705 | D:6      | Reached skill level 10 in Earth Magic
  6782 | D:6      | Found Nicaenic's Assorted Antiques.
  7001 | D:6      | Reached skill level 5 in Conjurations
  7020 | D:6      | Reached skill level 11 in Earth Magic
  7165 | D:6      | Found a staircase to the Ecumenical Temple.
  7172 | Temple   | Entered the Ecumenical Temple
  7239 | Temple   | Became a worshipper of Vehumet
  7294 | D:6      | Reached skill level 1 in Axes
  7294 | D:6      | Reached XP level 9. HP: 45/45 MP: 6/12
  7828 | D:7      | Reached skill level 12 in Earth Magic
  7887 | D:7      | Reached * piety under Vehumet
  7887 | D:7      | Offered knowledge of Magic Dart by Vehumet.
  8085 | D:7      | Found a flagged portal.
  8091 | Bailey   | Entered a bailey
  8308 | Bailey   | Noticed an orc knight
  8582 | Bailey   | Slain by an orc knight

Illustrated notes

Levels and vault maps discovered:
D:1:      ebering_trefoil_3fold, layout_basic, serial_corexii_hall,
          corexii_hall_statues_u, chequers_hall_statues_corner_a,
          chequers_ecumenical_altar_lobes, nicolae_figureground_pulse
D:2:      layout_loops_cross, serial_bayou_pond_e
D:3:      layout_rooms, nicolae_elyvilon_temple_path, kennysheep_slug_shrine,
          reono_crystal_passage, minmay_close_crescents
D:4:      layout_loops_ring, serial_shops, shop, uniq_crazy_yiuf_cottage
D:5:      layout_layer_cave, mainiacjoe_overflow_big_doors, nicolae_shop_gadgets
D:6:      layout_basic, minmay_temple_entry_statues, serial_shops,
          kennysheep_mini, nicolae_eternal_life
D:7:      layout_rooms, enter_bailey_3, minmay_starry_boxes
Temple:   bh_familiar_temple
Bailey:   bailey_polearm_nasty_gnolls, bailey

Skill      XL: |  1  2  3  4  5  6  7  8  9 |
---------------+----------------------------+-----
Transmutations | 1 2 3 |  3.0
Earth Magic    | 4 5 6 7 9 11 12 | 12.4
Stealth        | 3 |  3.0
Conjurations   | 1 3 5 6 |  6.6
Axes           | 1 3 |  3.0
Dodging        | |  1.5
Spellcasting   | |  2.0

Action                   |  1- 3 |  4- 6 |  7- 9 || total
-------------------------+-------+-------+-------++-------
Melee: Unarmed           |     7 |       |       ||     7
       Hand axe          |     5 |     3 |    76 ||    84
       Punch             |       |       |     1 ||     1
 Cast: Sandblast         |    41 |    75 |   110 ||   226
       Stone Arrow       |       |       |    16 ||    16
Evoke: Wand              |       |       |     5 ||     5
  Use: Scroll            |       |       |    16 ||    16
       Potion            |       |       |     1 ||     1
 Stab: Sleeping          |     1 |       |     1 ||     2
       Paralysed         |       |       |     6 ||     6
Armor: Robe              |     4 |     7 |    53 ||    64
Dodge: Dodged            |    15 |    16 |    78 ||   109
